Map: Mech Depot LE

Players

LST - Winner!

  • Race: Terran Terran
  • League: Bronze
  • Spawn Location: 7:00

hiFORCE

  • Race: Zerg Zerg
  • Spawn Location: 1:00

VOD

Have the link to the VOD?

Description

Time

  • Played on: Oct. 31, 2017, 4:47 a.m.
  • Length: 18:11
Show
View Real Time Build Order
Export as new Build Order

LST Terran - Winner!

Build Orders:  

Get SALT Encoding   

  12  0:05  SCV  
  13  0:18  SCV  
  13  0:19  Supply Depot  
  14  0:30  SCV  
  15  0:35  Refinery  
  15  0:43  Barracks  
  15  0:50  SCV  
  16  1:02  SCV  
  17  1:22  SCV  
  18  1:33  Command Center  
  18  1:34  SCV  
  19  1:41  Supply Depot  
  19  1:46  SCV  
  20  1:50  Reaper  
  21  2:00  Orbital Command  
  21  2:21  Marine  
  22  2:28  SCV  
  23  2:39  Marine  
  23  2:40  SCV  
  25  2:52  SCV  
  25  2:57  Marine  
  27  3:11  SCV  
  28  3:15  Marine  
  29  3:23  SCV  
  30  3:33  Marine  
  30  3:46  SCV  
  30  3:47  SCV  
  32  3:58  SCV  
  32  3:59  SCV  
  34  4:09  Barracks Reactor  
  34  4:11  SCV x2  
  36  4:17  Barracks  
  36  4:27  SCV x2  
  38  4:39  SCV x2  
  39  4:49  Marine x2  
  41  4:57  SCV  
  42  5:02  Refinery  
  42  5:04  Refinery  
  42  5:06  Marine  
  42  5:07  Barracks, Marine  
  43  5:09  SCV  
  43  5:14  Factory  
  35  5:24  Marine  
  35  5:25  Marine  
  37  5:40  SCV  
  37  5:42  Marine x2  
  39  5:43  SCV  
  41  5:52  Barracks Tech Lab, SCV  
  41  5:55  SCV  
  43  6:00  Marine x2  
  45  6:05  SCV  
  45  6:08  Starport  
  46  6:26  Factory Tech Lab  
  46  6:50  Supply Depot  
  46  6:53  Barracks  
  46  6:56  Supply Depot  
  46  6:58  Supply Depot  
  46  7:00  Supply Depot  
  46  7:11  Marine x2, SCV  
  46  7:12  Marauder, SCV  
  52  7:17  Siege Tank  
  55  7:24  SCV x2  
  55  7:29  Marine x2  
  59  7:31  Medivac  
  59  7:32  Barracks  
  59  7:33  Marauder  
  59  7:36  SCV x2  
  65  7:47  Marine x2  
  65  7:48  SCV x2  
  65  7:49  Siege Tank  
  72  7:55  Marauder  
  74  8:00  SCV x2  
  74  8:01  Medivac  
  74  8:05  Marine x2  
  80  8:16  Marauder  
  80  8:17  SCV x2  
  84  8:22  Barracks, Marine x2  
  84  8:25  Siege Tank  
  89  8:27  Supply Depot  
  89  8:29  SCV x2  
  89  8:31  Medivac  
  93  8:40  Marine  
  94  8:49  Marauder, Marine, SCV x2  
  94  8:50  Supply Depot  
  99  8:57  Siege Tank  
  99  9:00  Barracks Reactor  
  102  9:12  Marauder, Marine x2, SCV, Engineering Bay, Medivac  
  102  9:14  Supply Depot  
  109  9:35  Marauder  
  107  9:42  Medivac  
  105  9:53  SCV x2  
  105  9:57  Marauder  
  109  10:01  Supply Depot  
  109  10:05  SCV x2  
  109  10:06  Cyclone  
  114  10:14  Barracks Tech Lab  
  114  10:17  SCV, Terran Infantry Weapons Level 1  
  114  10:18  Marauder  
  117  10:26  Supply Depot  
  117  10:27  Armory  
  117  10:38  Cyclone  
  117  10:40  Marauder  
  122  10:50  Supply Depot  
  122  11:01  Marauder  
  124  11:10  Cyclone  
  127  11:14  Command Center  
  127  11:22  Marauder  
  126  11:38  SCV x2  
  128  11:42  Cyclone  
  131  11:51  Refinery  
  131  12:09  Marine x5  
  131  12:10  Marauder  
  131  12:11  Terran Infantry Armor Level 1  
  131  12:15  Cyclone  
  141  12:20  Viking  
  143  12:26  Marine  
  143  12:27  Marauder, Marine x3  
  149  12:31  Marauder  
  151  12:40  Factory  
  151  12:44  Marine  
  151  12:45  Marine x3  
  151  12:47  Cyclone  
  151  12:49  Marauder  
  151  12:50  Viking  
  162  12:53  Marauder  
  164  13:02  Marine  
  165  13:07  Refinery  
  165  13:09  Refinery  
  165  14:11  Marine  
  165  14:12  Marine  
  165  14:13  Marauder  
  165  14:14  Marine  
  165  14:15  Marauder, Cyclone, Medivac  
  125  14:35  Marauder  
  125  14:36  Marauder  
  125  14:45  Medivac  
  127  14:47  Cyclone  
  127  14:50  Marine  
  127  14:51  Marine  
  127  14:52  Marine x2  
  134  14:56  Marauder  
  134  14:58  Marauder  
  135  15:07  Marine  
  135  15:09  Marine  
  135  15:10  Marine x2  
  137  15:15  Medivac  
  137  15:18  Marauder  
  137  15:19  Marauder, Cyclone  
  139  15:25  Marine  
  139  15:27  Marine x3  
  137  15:39  Marauder  
  137  15:41  Marauder  
  141  15:43  Marine  
  141  15:45  Marine x3  
  141  15:49  Missile Turret  
  145  15:50  Missile Turret  
  145  15:52  Missile Turret x2  
  145  15:54  Missile Turret  
  140  15:57  Missile Turret  
  140  16:00  Marauder  
  140  16:02  Marauder  
  140  16:03  Missile Turret x2  
  140  16:04  Missile Turret  
  132  16:05  Missile Turret  
  132  16:06  Missile Turret  
  132  16:10  Marine x4  
  126  16:21  Marine  
  126  16:23  Marine  
  128  16:27  Marine  
  128  16:28  Marine x3  
  132  16:39  Marine  
  133  16:41  Marine  
  133  16:45  Marine  
  133  16:46  Marine x3  
  138  16:57  Marine  
  138  16:58  Marine  
  140  17:03  Marine  
  140  17:04  Marine x3  
  141  17:15  Marine  
  142  17:16  Marine  
  137  17:41  Missile Turret x3  
Show
View Real Time Build Order
Export as new Build Order

hiFORCE Zerg 

Build Orders: Pool First 

Get SALT Encoding   

  12  0:03  Drone  
  13  0:12  Overlord  
  13  0:17  Drone  
  14  0:35  Spawning Pool  
  13  0:38  Drone  
  14  0:48  Drone x2  
  16  0:55  Drone  
  17  1:04  Extractor  
  17  1:09  Drone  
  17  1:24  Queen  
  19  1:35  Zergling x2  
  20  1:56  Zergling x4  
  22  2:08  Hatchery  
  21  2:25  Zergling x2  
  22  2:37  Overlord x2  
  22  2:41  Metabolic Boost  
  22  2:54  Queen  
  22  2:55  Drone x3  
  22  2:56  Drone  
  28  3:23  Extractor  
  28  3:27  Drone x3  
  30  4:02  Zergling x2  
  31  4:03  Zergling x14  
  38  4:35  Overlord x2  
  38  4:39  Overlord x2  
  38  4:40  Overlord  
  38  4:56  Drone x7  
  41  5:28  Zergling x2  
  42  5:29  Overlord x2  
  42  5:30  Drone x2  
  42  5:34  Drone x4  
  48  6:07  Overlord x2  
  48  6:09  Hatchery  
  47  6:23  Hatchery  
  47  6:32  Drone  
  47  6:33  Drone x9  
  56  7:00  Evolution Chamber  
  55  7:02  Evolution Chamber  
  54  7:18  Roach Warren  
  53  7:49  Spine Crawler  
  53  7:50  Zerg Melee Weapons Level 1, Spine Crawler  
  53  7:51  Zerg Missile Weapons Level 1, Spine Crawler  
  50  7:52  Spine Crawler  
  49  8:02  Lair  
  49  8:07  Roach x10  
  49  8:08  Roach x10  
  49  8:12  Queen  
  91  8:20  Drone  
  91  8:21  Drone x5  
  97  9:19  Spire  
  96  9:26  Roach x12  
  118  9:45  Zerg Ground Armor Level 1  
  117  9:51  Zerg Melee Weapons Level 2  
  117  10:02  Hydralisk Den  
  117  10:06  Drone x3  
  119  10:09  Overlord x2  
  119  10:23  Overlord x2  
  119  10:39  Extractor  
  119  10:41  Extractor  
  117  10:50  Hydralisk x2  
  117  10:51  Hydralisk x9  
  139  11:07  Drone x2  
  139  11:08  Drone x5  
  139  11:09  Drone x4  
  144  11:50  Queen  
  144  11:52  Queen  
  148  11:54  Queen  
  150  12:09  Extractor  
  150  12:10  Extractor  
  150  12:12  Zerg Missile Weapons Level 2, Zerg Ground Armor Level 2  
  148  12:25  Overlord x2  
  148  12:29  Mutalisk  
  150  13:04  Mutalisk x3  
  156  13:19  Drone  
  157  13:20  Drone x11  
  168  13:27  Extractor  
  168  13:28  Extractor  
  165  14:04  Spine Crawler  
  165  14:07  Spine Crawler  
  165  14:08  Spine Crawler  
  165  14:09  Spine Crawler  
  75  14:34  Mutalisk  
  75  14:35  Mutalisk x13  
  77  15:27  Roach x7  
  77  15:28  Roach x5  
  86  16:45  Mutalisk x7  
  94  16:59  Queen  
  96  17:02  Queen  
  91  17:26  Spine Crawler  
  91  17:27  Spine Crawler  
  91  17:28  Spine Crawler  
  91  17:29  Spine Crawler x3  
  83  17:30  Spine Crawler  
  83  17:31  Spine Crawler x2  
  83  17:33  Spine Crawler  
  83  17:35  Queen  
Tags
 
League
Bronze
Matchup
TvZ
Opening
Pool First
Spawn Locations
Cross Positions
Add a new tag
Caveats
  • Supply blocks, unpowered buildings, or Contaminate may cause inaccurate times.
  • Supply counts are checked every 10 seconds.